 Dungeon Crawl Stone Soup version 0.29.0-5-ge4962eb29e (webtiles) character file.

Game seed: 16966076541187649897

1003 sanka the Cleaver (level 8, -9/60 HPs)
             Began as a Formicid Cinder Acolyte on Aug 29, 2022.
             Was a High Priest of Ignis.
             Mangled by a wyvern (13 damage)
             ... on level 5 of the Dungeon.
             The game lasted 00:11:29 (7675 turns).

sanka the Cleaver (Formicid Cinder Acolyte)         Turns: 7675, Time: 00:11:30

Health: -9/60      AC:  4    Str: 20    XL:     8   Next: 43%
Magic:  5/11       EV: 11    Int: 15    God:    Ignis [*****.]
Gold:   289        SH:  0    Dex:  9    Spells: 9/11 levels left

rFire   + . .      SeeInvis +   a - +0 war axe
rCold   . . .      Faith    .   (no shield)
rNeg    . . .      Spirit   .   t - +0 robe
rPois   .          Reflect  .   (helmet unavailable)
rElec   .          Harm     .   e - +0 cloak
rCorr   .          Rampage  .   (no gloves)
Will    +....                   i - +0 pair of boots
Stlth   +.........              (no amulet)
HPRegen 0.20/turn               s - ring of willpower
MPRegen 0.12/turn               p - ring of flight

@: flying
A: permanent stasis, dig shafts and tunnels, antennae 3, four strong arms
a: Dig, Shaft Self, Renounce Religion, Fiery Armour, Foxfire Swarm, Rising Flame


You were on level 5 of the Dungeon.
You worshipped Ignis.
Ignis was extremely pleased with you.
You visited 2 branches of the dungeon, and saw 7 of its levels.

You collected 289 gold pieces.


Innate Abilities, Weirdness & Mutations

You cannot be hasted, slowed, berserked, paralysed or teleported.
You can dig through walls and to a lower floor.
You have a pair of large antennae on your head. (SInv)
Your four strong arms can wield two-handed weapons with a shield.


   Skills:
 - Level 4.0 Fighting
 + Level 8.4 Axes
 - Level 2.0 Spellcasting
 - Level 5.0 Fire Magic


You had 9 spell levels left.
You knew the following spells:

 Your Spells              Type           Power      Damage    Failure   Level
y - Scorch                Fire           32%        2d7       4%          2

Your spell library contained the following spells:

 Spells                   Type           Power      Damage    Failure   Level
 Necrotise                Necr           4%         1d4       22%         1
 Ensorcelled Hibernation  Hex/Ice        2%         N/A       32%         2
 Poisonous Vapours        Pois/Air       2%         N/A       32%         2
 Call Canine Familiar     Summ           1%         N/A       54%         3
 Portal Projectile        Hex/Tloc       2%         N/A       54%         3
 Spider Form              Tmut/Pois      1%         N/A       54%         3
 Vampiric Draining        Necr           1%         2d6       54%         3
 Anguish                  Hex/Necr       0%         N/A       91%         4
 Corpse Rot               Necr/Pois/Air  1%         N/A       91%         4
 Leda's Liquefaction      Hex/Erth       0%         N/A       91%         4
 Agony                    Necr           1%         N/A       99%         5
 Alistair's Intoxication  Tmut/Pois      0%         N/A       99%         5
 Borgnjor's Vile Clutch   Necr/Erth      0%         N/A       99%         5
 Eringya's Noxious Bog    Tmut/Pois      0%         N/A       100%        6

Inventory:

Hand Weapons
 a - a +0 war axe (weapon)
 b - a -1 hand axe of flaming
Armour
 e - a +0 cloak (worn)
 i - a +0 pair of boots (worn)
 t - a +0 robe (worn)
Jewellery
 p - a ring of flight (right hand)
 s - a ring of willpower (left hand)
Scrolls
 c - a scroll of immolation {!r}
 f - a scroll of noise {unknown}
 g - 2 scrolls of fear
 m - 2 scrolls of brand weapon
 o - 3 scrolls of teleportation {@r4}
 q - 2 scrolls of poison {!r}
 r - a scroll of fog
 v - a scroll of amnesia {unknown}
 x - a scroll of summoning {unknown}
Potions
 d - 3 potions of haste {unknown}
 h - a potion of magic {unknown}
 j - a potion of degeneration {unknown}
 k - 2 potions of attraction {unknown}
 l - a potion of lignification {unknown}
 n - 4 potions of curing {unknown}
 u - a potion of heal wounds {unknown}
 w - a potion of brilliance {unknown}

Dungeon Overview and Level Annotations

Branches:
Dungeon (6/15)             Temple (1/1) D:5

Altars:
Ashenzari
Elyvilon
Hepliaklqana
Kikubaaqudgha
Qazlal
Sif Muna
Trog
Uskayaw
Vehumet
Xom
Yredelemnul
Zin
The Shining One

Shops:
D:4 ([[[[

▒..▒▒▒▒.▒ ▒▒.▒▒▒.▒ ▒....▒▒.▒
▒▒.▒.▒▒ ▒.▒▒.▒▒.▒ ▒▒▒▒.▒▒▒▒
▒.▒▒.▒▒.▒▒▒▒▒ ▒.......▒
▒...........▒ ▒..▒.▒..▒
▒▒▒▒.▒▒.....▒ ▒..▒.▒..▒
▒▒▒▒▒▒.▒▒.....▒ ▒....▒..▒
▒.......▒...l.▒▒▒...▒▒..▒
▒.......▒...B..▒▒.......▒
▒.▒▒....▒.▒.▒▒.▒▒.....>▒▒
▒.▒▒.▒..▒.▒.▒▒.▒▒▒▒.▒▒▒▒
▒.▒.........▒▒.▒▒ ▒.▒ ▒▒
▒.......▒.▒▒▒...▒ ▒.▒ .▒
▒......▒......▒.▒ ▒.▒ ▒▒▒▒▒ .▒
▒▒▒..▒▒▒........▒ ▒.▒ ▒.... .▒
▒.........▒▒.▒▒▒▒.▒▒▒▒▒.▒▒▒
.▒▒▒▒▒▒▒.....▒▒.▒▒[...........▒▒.


You could see a wyvern (combustible).


Message History

The wyvern bites you! The bullfrog zombie hits you.
The killer bee zombie closely misses you.
The wyvern bites you!
* * * LOW HITPOINT WARNING * * *
There is a stone staircase leading up, spattered with blood here.
The killer bee zombie closely misses you.
The bullfrog zombie hits you but does no damage.
The wyvern bites you.
* * * LOW HITPOINT WARNING * * *
The killer bee zombie misses you.
You fly upwards.
There is a stone staircase leading down here.
Unknown command.
Flames lash the wyvern.
The wyvern is lightly wounded.
The wyvern's fire resistance burns away.
The wyvern bites you!
* * * LOW HITPOINT WARNING * * *
The wyvern closely misses you.
Flames lash the wyvern.
The wyvern is burned terribly!
The wyvern is heavily wounded.
The wyvern completely misses you.
Flames lash the wyvern.
The wyvern is burned terribly!
The wyvern is severely wounded.
The wyvern bites you but does no damage.
The wyvern bites you!
You die...

Action                   |  1- 3 |  4- 6 |  7- 9 || total
-------------------------+-------+-------+-------++-------
Melee: Hand axe          |    65 |   128 |       ||   193
       War axe           |       |       |    23 ||    23
 Cast: Scorch            |    16 |    45 |    52 ||   113
  Use: Scroll            |       |     6 |       ||     6
 Stab: Sleeping          |     1 |     1 |       ||     2
Armor: Robe              |     4 |    33 |    18 ||    55
Dodge: Dodged            |    26 |    73 |    37 ||   136

Levels and vault maps discovered:
D:1:      psy_arrival_conway, layout_basic, hellmonk_ecumenical_altar_zigzags
D:2:      layout_loops_ring, basic_altar
D:3:      layout_basic, minmay_quantized
D:4:      layout_loops_ring, mainiacjoe_overflow_catwalk, serial_shops,
          nicolae_shop_hallway_plus, minmay_shop_grid_forest,
          cheibrodos_gnoll_hut
D:5:      layout_loops_cross, lemuel_tele_altar, minmay_temple_entry_trees
D:6:      layout_basic, nicolae_yredelemnul_corpse_copse, st_stairs_13,
          eino_small_chamber_without_monster
Temple:   jpeg_temple_alley_garden

Notes
Turn   | Place    | Note
-------+----------+-------------------------------------------
     0 | D:1      | sanka the Formicid Cinder Acolyte began the quest for the
                  | Orb.
     0 | D:1      | Reached XP level 1. HP: 18/18 MP: 2/2
   183 | D:1      | Reached XP level 2. HP: 15/24 MP: 3/3
   540 | D:1      | Learned a level 2 spell: Scorch
   765 | D:1      | Reached XP level 3. HP: 20/29 MP: 2/5
   873 | D:1      | Found a faded altar of an unknown god.
  1714 | D:2      | Reached skill level 2 in Spellcasting
  1768 | D:2      | Found a basalt altar of Yredelemnul.
  1897 | D:2      | Reached XP level 4. HP: 35/35 MP: 4/7
  2422 | D:2      | Reached skill level 4 in Fire Magic
  2937 | D:3      | Reached XP level 5. HP: 41/41 MP: 3/8
  3922 | D:4      | Found a shimmering blue altar of Sif Muna.
  4022 | D:4      | Reached skill level 5 in Fire Magic
  4150 | D:4      | Reached skill level 4 in Axes
  4150 | D:4      | Reached XP level 6. HP: 45/48 MP: 2/9
  4298 | D:4      | Found Tuer's Armour Emporium.
  4301 | D:4      | Found Lalotidd's Antique Armour Emporium.
  4302 | D:4      | Found Assih's Antique Weapon Emporium.
  4304 | D:4      | Found Ozerop's Armour Emporium.
  4513 | D:4      | Found Qecya's Armour Shoppe.
  4665 | D:4      | Reached skill level 4 in Fighting
  4982 | D:5      | Entered Level 5 of the Dungeon
  4993 | D:5      | Reached skill level 5 in Axes
  4994 | D:5      | Noticed a water moccasin
  5032 | D:5      | Killed a water moccasin
  5033 | D:5      | Reached XP level 7. HP: 37/54 MP: 1/10
  5344 | D:5      | Reached skill level 6 in Axes
  5913 | D:5      | Reached skill level 7 in Axes
  6027 | D:5      | Reached XP level 8. HP: 43/60 MP: 0/11
  6473 | D:5      | Found an ancient bone altar of Kikubaaqudgha.
  6532 | D:5      | Found a staircase to the Ecumenical Temple.
  6841 | Temple   | Entered the Ecumenical Temple
  7098 | D:6      | Reached skill level 8 in Axes
  7521 | D:6      | Noticed a wyvern
  7673 | D:5      | HP: 4/60 [wyvern (16)]
  7675 | D:5      | Mangled by a wyvern

Vanquished Creatures
  A water moccasin (D:5)
  3 ogres
  2 scorpions
  An orc priest (D:5)
  A jelly (D:5)
  5 hounds
  3 iguanas
  An orc wizard (D:5)
  5 adders
  A gnoll (D:4)
  A shadow imp (D:5)
  A white imp (D:5)
  3 worms
  4 dart slugs (D:1)
  13 orcs
  6 endoplasms
  2 giant cockroaches
  16 goblins
  9 hobgoblins
  3 jackals (D:5)
  10 kobolds
  A quokka (D:1)
  8 ball pythons
  9 bats
  7 frilled lizards
  7 rats
123 creatures vanquished.
